 Dungeon Crawl Stone Soup version 0.29.1-12-g30fa7ad0bf (webtiles) character file.

Game seed: 1805142609404749929

57 Lucy the Poker (level 4, -2/35 HPs)
             Began as a Human Chaos Knight on Jan 2, 2023.
             Was a Plaything of Xom.
             Killed by divine providence
             ... invoked by an orc priest
              (13 damage)
             ... on level 3 of the Dungeon.
             The game lasted 00:03:08 (506 turns).

Lucy the Poker (Human Chaos Knight)                  Turns: 506, Time: 00:03:09

Health: -2/35      AC:  3    Str: 17    XL:     4   Next: 18%
Magic:  4/4        EV: 11    Int: 13    God:    Xom [..*...]
Gold:   26         SH:  0    Dex: 11    Spells: 3/3 levels left

rFire   x . .      SeeInvis .   a - +0 spear (chaos)
rCold   + + .      Faith    .   (no shield)
rNeg    . . .      Spirit   .   b - +2 leather armour
rPois   .          Reflect  .   (no helmet)
rElec   .          Harm     .   (no cloak)
rCorr   .          Rampage  .   (no gloves)
Will    .....      Rnd*Tele +   (no boots)
Stlth   +.........              (no amulet)
HPRegen 0.11/turn               e - ring of ice
MPRegen 0.09/turn               (no ring)

@: mighty
A: cold resistance 1, deformed body, strong 1, teleportitis 1
a: Renounce Religion


You were on level 3 of the Dungeon.
You worshipped Xom.
You were a toy of Xom.
You visited 1 branch of the dungeon, and saw 3 of its levels.

You collected 26 gold pieces.

Inventory:

Hand Weapons
 a - a +0 spear of chaos (weapon)
Armour
 b - a +2 leather armour (worn)
Jewellery
 e - a ring of ice (left hand)
Potions
 d - a potion of might {unknown}
Miscellaneous
 c - a piece from Xom's chessboard (13/15) (quivered)


   Skills:
 * Level 3.4 Fighting
 * Level 3.4(3.5) Polearms
 * Level 0.7(2.2) Staves
 * Level 2.2 Armour
 * Level 1.6 Dodging
 * Level 1.0 Stealth
 * Level 0.4 Spellcasting
 * Level 0.3 Evocations


You had 3 spell levels left.
You didn't know any spells.
Your spell library was empty.

Dungeon Overview and Level Annotations

Branches:
Dungeon (3/15)

Altars:
Okawaru


Innate Abilities, Weirdness & Mutations

Your flesh is cold resistant. (rC+)
Armour fits poorly on your strangely shaped body.
Your muscles are strong. (Str +4, Int/Dex -1)
You are occasionally teleported next to monsters.


Message History

You detect creatures!
You puncture the orc! You burn the orc.
You kill the orc!
The orc hits you from afar with a +0 trident.
The orc hits you with a +0 trident.
Things that are here:
a +0 falchion; a +0 club; an orc corpse You puncture the orc!
You freeze the orc.
You kill the orc!
You hit the orc wizard.
The orc wizard's magic leaks into the air.
The orc wizard is heavily wounded.
The orc wizard points at you and mumbles some strange words.
The magic dart hits you!
You puncture the orc wizard!
You kill the orc wizard!
Your piece from Xom's chessboard (15/15) has regained two charges.
Your Stealth skill increases to level 1!
You have reached level 4!
You feel stronger.
Found an iron altar of Okawaru.
Items here: )) [ ††.
Non-targeted evoke: piece from Xom's chessboard (15/15)
Press: ? - help, Q - select action Dir - look around, f - activate Look: an orc priest, wielding a +0 whip You make a move on Xom's chessboard...
The orc priest resists with some effort.
The orc priest closely misses you.
Non-targeted evoke: piece from Xom's chessboard (14/15)
Press: ? - help, Q - select action Dir - look around, f - activate Look: an orc priest, wielding a +0 whip You make a move on Xom's chessboard...
The orc priest is moving more slowly.
The orc priest hits you with a +0 whip.
Unknown command.
You see here a ball python corpse.
The orc priest hits you but does no damage.
The orc priest invokes the aid of Beogh against you.
Beogh smites you!
You die...
Xom guffaws!

∆ .P.P._. #.....#
#.P.....P. #.....#
##.P....... #hh..h#
#......P... .)...#
#.......... ....##
........P
#####..#######.....####
#...........)).....=...
#......†.†...†o@....#
#....<..##..........#
#...........#....>..#
#....>.#....##.....## B
#......##...###...##
#########...# #####
#...# #...# ..#


You could see an orc priest (petrifying).

Vanquished Creatures
  An orc wizard (D:3)
  A dart slug (D:3)
  3 orcs (D:3)
  A bat (D:2)
  2 giant cockroaches (D:1)
  A goblin (D:1)
  2 hobgoblins (D:1)
  4 jackals
  2 kobolds (D:2)
  A quokka (D:2)
  2 ball pythons
  A rat (D:1)
21 creatures vanquished.

Vanquished Creatures (collateral kills)
  A jackal (D:2)
  A kobold (D:2)
  A ball python (D:2)
3 creatures vanquished.

Vanquished Creatures (others)
  A bat zombie (D:2)
  7 plants (D:3)
8 creatures vanquished.

Grand Total: 32 creatures vanquished

Notes
Turn   | Place    | Note
-------+----------+-------------------------------------------
     0 | D:1      | Lucy the Human Chaos Knight began the quest for the Orb.
     0 | D:1      | Reached XP level 1. HP: 18/18 MP: 1/1
    72 | D:1      | Reached XP level 2. HP: 24/24 MP: 2/2
    83 | D:1      | XOM: divination: magic mapping
    84 | D:1      | XOM: silly message
   272 | D:2      | Gained mutation: You are occasionally teleported next to
                  | monsters. [potion of mutation]
   272 | D:2      | Gained mutation: Your flesh is cold resistant. (rC+)
                  | [potion of mutation]
   272 | D:2      | Gained mutation: Armour fits poorly on your strangely
                  | shaped body. [potion of mutation]
   272 | D:2      | Gained mutation: Your muscles are strong. (Str +4, Int/Dex
                  | -1) [potion of mutation]
   378 | D:2      | Reached XP level 3. HP: 22/29 MP: 3/3
   453 | D:2      | XOM: noise
   481 | D:3      | XOM: divination: detect items
   484 | D:3      | XOM: confuse monster(s)
   486 | D:3      | XOM: confuse monster(s)
   490 | D:3      | XOM: potion effect (might)
   493 | D:3      | XOM: divination: detect creatures
   499 | D:3      | Reached skill level 1 in Stealth
   499 | D:3      | Reached XP level 4. HP: 16/35 MP: 4/4
   499 | D:3      | Found an iron altar of Okawaru.
   506 | D:3      | Killed from afar by an orc priest

Illustrated notes

Levels and vault maps discovered:
D:1:      dpeg_arrival_arbitrary_a, layout_basic,
          ebering_ecumenical_altar_sacrificial
D:2:      layout_basic, roderic_serpentine_path
D:3:      layout_rooms, mainiacjoe_overflow_cross_hatched, serial_glass,
          glass_columns_a, glass_columns_a

Skill      XL: |  1  2  3 |
---------------+----------+-----
Stealth        | 1 |  1.0
Fighting       | |  3.4
Polearms       | |  3.4
Staves         | |  0.7
Armour         | |  2.2
Dodging        | |  1.6
Spellcasting   | |  0.4
Evocations     | |  0.3

Action                   |  1- 3 |  4- 6 || total
-------------------------+-------+-------++-------
Melee: Spear             |    63 |       ||    63
       Punch             |     1 |       ||     1
Evoke: Piece from Xom's  |     3 |     2 ||     5
  Use: Scroll            |     2 |       ||     2
       Potion            |     1 |       ||     1
Armor: Leather armour    |    17 |     1 ||    18
Dodge: Dodged            |    52 |     1 ||    53
